 Dungeon Crawl Stone Soup version 0.29-a0-810-g3812dd5c9c (webtiles) character file.

Game seed: 9734762326601893181

80 Ajdolov the Chiller (level 4, -10/30 HPs)
             Began as a Merfolk Ice Elementalist on July 4, 2022.
             Killed from afar by a white imp (12 damage)
             ... with a puff of frost
             ... summoned by Natasha
             ... on level 2 of the Dungeon.
             The game lasted 00:03:28 (2132 turns).

Ajdolov the Chiller (Merfolk Ice Elementalist)      Turns: 2132, Time: 00:03:28

Health: -10/30     AC:  3    Str:  8    XL:     4   Next: 39%
Magic:  4/7        EV: 12    Int: 16    God:
Gold:   77         SH:  0    Dex: 14    Spells: 0/7 levels left

rFire   . . .      SeeInvis .   d - +0 dagger
rCold   . . .      Faith    .   (no shield)
rNeg    . . .      Spirit   .   a - +0 robe
rPois   .          Reflect  .   (no helmet)
rElec   .          Harm     .   (no cloak)
rCorr   .          Rampage  .   (no gloves)
Will    .....                   g - +0 pair of boots
Stlth   ++........              (no amulet)
HPRegen 0.10/turn               (no ring)
MPRegen 0.10/turn               (no ring)

@: freezing walls
A: (nimble swimmer 2), mertail
a: no special abilities


You were on level 2 of the Dungeon.
You visited 1 branch of the dungeon, and saw 2 of its levels.

You collected 77 gold pieces.

Inventory:

Hand Weapons
 d - a +0 dagger (weapon)
Missiles
 l - 6 curare-tipped darts
Armour
 a - a +0 robe (worn)
 g - a +0 pair of boots (worn)
Jewellery
 c - an amulet of reflection
Scrolls
 j - a scroll of amnesia {unknown}
 k - 2 scrolls of brand weapon {unknown}
 m - a scroll of enchant armour {unknown}
 n - a scroll of vulnerability {unknown}
Potions
 b - a potion of magic
 e - a potion of heal wounds {unknown}
 f - 4 potions of flight {unknown}
 h - a potion of mutation {unknown}
 i - a potion of berserk rage {unknown}


   Skills:
 - Level 2.6 Dodging
 - Level 2.1 Stealth
 - Level 2.0 Spellcasting
 * Level 6.3 Ice Magic


You couldn't memorise any spells.
You knew the following spells:

 Your Spells              Type           Power      Damage    Failure   Level
a - Freeze                Ice            84%        1d10      1%          1
b - Frozen Ramparts       Ice            42%        1d6       4%          3
c - Ozocubu's Armour      Ice            21%        N/A       4%          3

Your spell library contained the following spells:

 Spells                   Type           Power      Damage    Failure   Level
 Blink                    Tloc           2%         N/A       30%         2
 Hailstorm                Conj/Ice       11%        3d5       50%         4
 Manifold Assault         Tloc           1%         N/A       99%         5
 Storm Form               Tmut/Air       0%         N/A       100%        7


Dungeon Overview and Level Annotations

Branches:
Dungeon (2/15)

Altars:

Annotations:
D:2 Natasha


Innate Abilities, Weirdness & Mutations

((You are very nimble when in or above water. (Stealth+, EV+, Speed+++)))
Your lower body shifts to a powerful aquatic tail in water.


Message History

Casting: Frozen Ramparts (dangerous; 4% risk of failure)
Press: ? - help, Dir - look around, f - activate
Okay, then.
Casting: Frozen Ramparts (dangerous; 4% risk of failure)
Confirm with . or Enter, or press ? or * to list all spells.
Casting: Frozen Ramparts (dangerous; 4% risk of failure)
Press: ? - help, Dir - look around, f - activate The walls around you are covered in ice.
The wall freezes Natasha.
Natasha claws you.
The wall freezes the endoplasm.
The endoplasm completely misses you.
The white imp completely resists.
The wall freezes the white imp but does no damage.
Unknown command.
You hit the endoplasm.
You kill the endoplasm!
The wall freezes Natasha.
Natasha barely misses you.
The white imp completely resists.
The wall freezes the white imp but does no damage.
The white imp spits at you.
You barely miss Natasha.
Natasha is severely wounded.
The wall freezes Natasha.
Natasha barely misses you.
The white imp completely resists.
The wall freezes the white imp but does no damage.
The white imp gestures at you. The puff of frost hits you.
You hit Natasha but do no damage.
Natasha is severely wounded.
The wall freezes Natasha.
Natasha claws you.
The white imp completely resists.
The wall freezes the white imp but does no damage.
The white imp gestures at you. The puff of frost hits you!
* * * LOW HITPOINT WARNING * * *
You barely miss Natasha.
Natasha is almost dead.
The wall freezes Natasha.
Natasha claws you.
* * * LOW HITPOINT WARNING * * *
The white imp resists.
The wall freezes the white imp.
The white imp gestures at you. The puff of frost hits you!
You die...

#.......# #...# #.
#<#.......# #._.# ##
#.#.......# #...#
##.........# #...#
#......!...# #...####
...........####...##.###
#.#.................#...
...................###†.
#.#...#@#...........#...
#.....5h#######...##.##.
...........# #...#####.
####.....#.# #...# #.
#.....# # #...# #.
#.....# #...# #. #.....#
#... ## #...... ...#
.....##


You could see Natasha and a white imp (summoned).

Vanquished Creatures
  Natasha (D:2)
  An adder (D:2)
  A worm (D:2)
  A dart slug (D:1)
  A ball python (D:1)
  2 bats
  5 endoplasms
  3 giant cockroaches
  4 goblins (D:1)
  3 hobgoblins (D:1)
  5 jackals (D:1)
  2 frilled lizards
  4 kobolds (D:1)
  4 rats
37 creatures vanquished.

Notes
Turn   | Place    | Note
-------+----------+-------------------------------------------
     0 | D:1      | Ajdolov the Merfolk Ice Elementalist began the quest for
                  | the Orb.
     0 | D:1      | Reached XP level 1. HP: 13/13 MP: 3/3
   314 | D:1      | Reached XP level 2. HP: 19/19 MP: 3/5
   382 | D:1      | Reached skill level 5 in Ice Magic
   846 | D:1      | Reached XP level 3. HP: 24/24 MP: 3/6
  1601 | D:2      | Noticed Natasha
  1608 | D:2      | Killed Natasha
  1609 | D:2      | Reached skill level 6 in Ice Magic
  1609 | D:2      | Reached XP level 4. HP: 13/30 MP: 1/7
  1667 | D:1      | Learned a level 3 spell: Frozen Ramparts
  1675 | D:1      | Learned a level 3 spell: Ozocubu's Armour
  1787 | D:2      | Found a faded altar of an unknown god.
  2115 | D:2      | Noticed Natasha
  2132 | D:2      | Killed from afar by a white imp

Illustrated notes

Levels and vault maps discovered:
D:1:      amcnicky_arrival_wind_blow, layout_basic, kennysheep_flooded_box
D:2:      layout_loops_cross, basic_ecumenical_altar, st_stairs_7,
          chequers_mini_garden, uniq_natasha

Skill      XL: |  1  2  3 |
---------------+----------+-----
Ice Magic      | 5 6 |  6.3
Dodging        | |  2.6
Stealth        | |  2.1
Spellcasting   | |  2.0

Action                   |  1- 3 |  4- 6 || total
-------------------------+-------+-------++-------
Melee: Dagger            |    14 |    24 ||    38
 Cast: Freeze            |    41 |     2 ||    43
       Frozen Ramparts   |       |     4 ||     4
       Ozocubu's Armour  |       |     2 ||     2
 Stab: Sleeping          |     1 |       ||     1
Armor: Robe              |     6 |    10 ||    16
Dodge: Dodged            |    21 |    18 ||    39

Table legend: (Time is in decaauts)
 A = Elapsed time spent in this place.
 B = Non-inter-level travel time spent in this place.
 C = Inter-level travel time spent in this place.
 D = Time resting spent in this place.
 E = Time spent auto-exploring this place.
 F = Levels seen in this place.
 G = Mean time per level.
                   A        B        C        D        E       F      G
               +--------+--------+--------+--------+--------+-----+--------+
         Total |   2133 |   2109 |     24 |    195 |   1573 |   2 | 1066.5 |
       Dungeon |   2133 |   2109 |     24 |    195 |   1573 |   2 | 1066.5 |
               +--------+--------+--------+--------+--------+-----+--------+

Top non-repeatable levels by time:
     D:1: 1744 daAuts
     D:2: 388 daAuts
